 Dungeon Crawl Stone Soup version 0.31-a0-460-g9e667d4245 (webtiles) character file.

Game seed: 935027010427938372

505 RepHenryClay the Slasher (level 6, 0/36 HPs)
             Began as a Vampire Delver on Aug 5, 2023.
             Slain by Menkaure (7 damage)
             ... on level 3 of the Dungeon.
             The game lasted 00:06:26 (3031 turns).

RepHenryClay the Slasher (Vampire Delver)           Turns: 3031, Time: 00:06:26

Health: 0/36       AC:  6    Str: 10 (11) XL:     6   Next: 96%
Magic:  5/5        EV: 12    Int:  9 (12) God:
Gold:   135        SH:  0    Dex: 17 (18) Spells: 5/5 levels left

rFire   . . .        a - +0 falchion
rCold   + + .        (no shield)
rNeg    + + +        b - +0 leather armour
rPois   ∞            (no helmet)
rElec   .            n - +0 cloak
rCorr   .            k - +0 pair of gloves
SInv    +            (no boots)
Will    .....        m - amulet of the acrobat
Stlth   +++++        (no ring)
HPRegen 0.00/turn    (no ring)
MPRegen 0.09/turn

%: acrobat
@: bloodless, inhibited regen
A: bloodless, fangs 3, see invisible, vampiric 2, low MP 1, shaggy fur 1
a: Bat Form, Revivify


You were on level 3 of the Dungeon.
You visited 1 branch of the dungeon, and saw 5 of its levels.

You collected 135 gold pieces.

Inventory:

Hand Weapons
 a - a +0 falchion (weapon)
 f - a +1 dagger of venom
Missiles
 y - a throwing net
Armour
 b - a +0 leather armour (worn)
 k - a +0 pair of gloves (worn)
 n - a +0 cloak (worn)
 p - a +0 scale mail
 t - a +2 buckler
Jewellery
 m - an amulet of the acrobat (around neck)
 s - an amulet of guardian spirit
 w - a ring of fire
 x - an amulet of reflection
Wands
 g - a wand of digging (2)
 j - a wand of acid (8)
Scrolls
 c - a scroll of fog
 d - a scroll of revelation
 e - a scroll of fear
 h - a scroll of amnesia {unknown}
 i - 2 scrolls of teleportation {unknown}
 l - 2 scrolls of poison {unknown}
 o - 5 scrolls of identify {unknown}
 q - a scroll of noise {unknown}
 r - a scroll of immolation {unknown}


   Skills:
 - Level 2.6 Fighting
 + Level 7.6 Long Blades
 - Level 2.1 Dodging
 - Level 7.2 Stealth


You had 5 spell levels left.
You didn't know any spells.
Your spell library contained the following spells:

 Spells                   Type           Power      Damage    Failure   Level
 Shock                    Conj/Air       0%         1d3       50%         1
 Ozocubu's Armour         Ice            0%         N/A       86%         3
 Swiftness                Air            0%         N/A       86%         3
 Airstrike                Air            0%         2d(0-16)  99%         4
 Cause Fear               Hex            0%         N/A       99%         4
 Fireball                 Conj/Fire      0%         3d3       100%        5
 Ozocubu's Refrigeration  Ice            0%         4d7       100%        7
 Dragon's Call            Summ           0%         N/A       100%        9


Dungeon Overview and Level Annotations

Branches:
Dungeon (5/15)
 Temple: D:4-7

Altars:
Ru
Trog
Yredelemnul

Annotations:
D:3 2 runed translucent doors, Menkaure; pokeman's ghost, weakling DEHW


Innate Abilities, Weirdness & Mutations

You do not regenerate when monsters are visible.
You are frail without blood (-20% HP).
You can heal yourself when you bite living creatures.
You are immune to poison.
You have razor-sharp teeth.
You have supernaturally acute eyesight. (SInv)
You are afflicted with vampirism and can become a bat while bloodless.
Your magical capacity is low. (-10% MP)
You are covered in fur. (AC +1)


Message History

a +0 leather armour; a +0 short sword
There is a stone staircase leading down here.
You start resting.
HP restored.
You climb downwards.
Level annotation: Menkaure
There is a stone staircase leading up here.
Menkaure mumbles some strange words.
Menkaure seems to speed up.
You climb upwards.
Level annotation: 2 runed translucent doors, pokeman's ghost, weakling DEHW
There is a stone staircase leading down here.
Your +1 dagger of venom stops dripping with poison.
a - a +0 falchion (weapon)
It was a potion of berserk rage.
You feel slightly irritated. Menkaure hits you!
Huge Dmg: -22%(-8hp) hp: 78%(28hp) It was a potion of mutation.
You feel extremely strange. Fur sprouts all over your body.
You feel less energetic. Menkaure closely misses you. Menkaure hits you.
Huge Dmg: -16%(-6hp) hp: 62%(22hp) Unknown command.
Unknown command.
You aren't carrying any potions.
Unknown command.
Aiming: Corrosive Bolt
Press: ? - help, Shift-Dir - straight line, f - Menkaure
Aim: Menkaure (fast, 86% to hit)
The bolt of acid hits Menkaure!
Menkaure is heavily damaged.
Menkaure hits you!
* * * LOW HITPOINT WARNING * * *
Huge Dmg: -42%(-15hp) hp: 20%(7hp)
Aiming: Corrosive Bolt
Press: ? - help, Shift-Dir - straight line, f/p - Menkaure
Aim: Menkaure (heavily damaged, fast, 86% to hit)
The bolt of acid hits Menkaure.
The acid corrodes Menkaure!
Menkaure is severely damaged.
Menkaure hits you!
You die...

############ #..........# ##
###....M....# ####### ######
#.##.#...[@....# ##.....#
#....####.~.#...[([...# #......#
.....##.....#.........# #.#.#..#
#.#...##~~#§+.........# #......#
.....##!).≈.+.........###.#.#..#
#.#.####.≈⌠.#..................####
....# #.#.≈#.........###..........
##..## ##~.##########.####........#
##..# #########(............###..


You could see Menkaure (fast, corroded).

Vanquished Creatures
  An ogre (D:4)
  2 scorpions
  A hound (D:4)
  A gnoll bouda (D:4)
  A sleepcap (D:4)
  9 gnolls (D:4)
  3 adders
  A worm (D:2)
  5 dart slugs
  14 orcs
  7 ball pythons
  5 endoplasms
  2 giant cockroaches
  4 goblins
  7 hobgoblins
  3 jackals (D:4)
  10 kobolds
  A quokka (D:2)
  5 bats
  2 frilled lizards
  3 rats
87 creatures vanquished.

Notes
Turn   | Place    | Note
-------+----------+-------------------------------------------
     0 | D:5      | RepHenryClay the Vampire Delver began the quest for the
                  | Orb.
     0 | D:5      | Reached XP level 1. HP: 17/17 MP: 1/1
    41 | D:4      | Noticed an ogre
    71 | D:3      | Found a large runed translucent door.
    71 | D:3      | Found a large runed translucent door.
    77 | D:3      | Noticed pokeman's ghost (weakling DEHW)
    90 | D:3      | Noticed a scorpion
   181 | D:1      | Reached XP level 2. HP: 20/23 MP: 2/2
   528 | D:1      | Gained mutation: You are afflicted with vampirism and can
                  | become a bat while bloodless. [Vampire growth]
   528 | D:1      | Reached XP level 3. HP: 27/28 MP: 3/3
   850 | D:1      | Found a sacrificial altar of Ru.
  1244 | D:2      | Reached XP level 4. HP: 32/34 MP: 4/4
  1854 | D:3      | Killed a scorpion
  1855 | D:3      | Reached skill level 5 in Long Blades
  1855 | D:3      | Reached XP level 5. HP: 31/39 MP: 5/5
  1959 | D:4      | Killed an ogre
  2040 | D:4      | Reached XP level 6. HP: 33/46 MP: 6/6
  2367 | D:4      | Found a bloodstained altar of Trog.
  2367 | D:4      | Found a basalt altar of Yredelemnul.
  2870 | D:4      | Noticed Menkaure
  3029 | D:3      | Gained mutation: You are covered in fur. (AC +1) [potion of
                  | mutation]
  3029 | D:3      | Gained mutation: Your magical capacity is low. (-10% MP)
                  | [potion of mutation]
  3031 | D:3      | Slain by Menkaure

Illustrated notes

Levels and vault maps discovered:
D:1:      dpeg_arrival_water_altar, layout_loops_ring
D:2:      layout_rooms
D:3:      layout_rooms, serial_glass, glass_columns_b, glass_columns_a,
          glass_columns_a, glass_columns_a, glass_columns_a, glass_columns_a,
          glass_columns_a, glass_columns_a, glass_columns_a, glass_columns_c,
          ebering_ghost_disaster_area
D:4:      layout_layer_cave, chequers_temple_overflow_statue_of_worship,
          uniq_menkaure, uniq_robin
D:5:      layout_basic, uniq_eustachio

Skill      XL: |  1  2  3  4  5  6 |
---------------+-------------------+-----
Long Blades    | 3 4 5 6 7 |  7.6
Fighting       | |  2.6
Dodging        | |  2.1
Stealth        | |  7.2

Action                     |  1- 3 |  4- 6 || total
---------------------------+-------+-------++-------
  Melee: Falchion          |   113 |    29 ||   142
         Bite              |    11 |    22 ||    33
         Punch             |     2 |     2 ||     4
         Dagger            |       |   138 ||   138
Ability: Exsanguinate      |       |     1 ||     1
  Evoke: Wand              |       |     6 ||     6
    Use: Potion            |       |     9 ||     9
   Stab: Sleeping          |    10 |     2 ||    12
 Armour: Leather armour    |    37 |    22 ||    59
  Dodge: Dodged            |    64 |   124 ||   188

Table legend: (Time is in decaauts)
 A = Elapsed time spent in this place.
 B = Non-inter-level travel time spent in this place.
 C = Inter-level travel time spent in this place.
 D = Time resting spent in this place.
 E = Time spent auto-exploring this place.
 F = Levels seen in this place.
 G = Mean time per level.
                   A        B        C        D        E       F      G
               +--------+--------+--------+--------+--------+-----+--------+
         Total |   3010 |   2905 |    105 |    133 |   1948 |   5 |  602.0 |
       Dungeon |   3010 |   2905 |    105 |    133 |   1948 |   5 |  602.0 |
               +--------+--------+--------+--------+--------+-----+--------+

Top non-repeatable levels by time:
     D:4: 939 daAuts
     D:1: 758 daAuts
     D:3: 697 daAuts
     D:2: 577 daAuts
     D:5: 38 daAuts
